 Dungeon Crawl Stone Soup version 0.29-a0-2-g12fcac58f8 (webtiles) character file.

Game seed: 13533552261158367220

670298 ragingrage the Slayer (level 27, -25/197 HPs)
             Began as a Gargoyle Artificer on Jan 26, 2022.
             Was the Champion of Okawaru.
             Annihilated by Erastrof the pandemonium lord (33 damage)
             ... while paralysed by you
             ... on level 1 of the Realm of Zot.
             The game lasted 01:45:33 (69608 turns).

ragingrage the Slayer (Gargoyle Artificer)         Turns: 69608, Time: 01:45:34

Health: -25/197    AC:  0    Str: 24    XL:     27
Magic:  0/32       EV:  5    Int: 12    God:    Okawaru [******]
Gold:   4109       SH:  0    Dex: 19    Spells: 26/26 levels left

rFire   . . .      SeeInvis .   (weapon currently unavailable)
rCold   + . .      Faith    .   (shield currently unavailable)
rNeg    + . .      Spirit   +   (armour currently unavailable)
rPois   ∞          Reflect  .   (helmet currently unavailable)
rElec   .          Harm     .   (cloak currently unavailable)
rCorr   .          Rampage  +   (gloves currently unavailable)
Will    ++...                   (boots currently unavailable)
Stlth   ++........              t - amulet "Hero's Friend" {Spirit Rampage rC+ Regen+}
HPRegen 1.22/turn               (ring currently unavailable)
MPRegen 0.23/turn               (ring currently unavailable)

@: paralysed, mighty, bat-form, flying, hasted and slowed, studying 2 skills,
very quick
A: fast, flying, no casting, sickness immunity, AC +20, tiny, (big wings),
negative energy resistance 1, (electricity resistance), torment resistance 1,
petrification resistance, (beak), (horns 1), (iridescent scales 1), dopey 1,
subdued magic 1
0: Orb of Zot
}: 5/15 runes: barnacled, slimy, silver, abyssal, gossamer
a: Renounce Religion, Heroism, Finesse, Duel


You were on level 1 of the Realm of Zot.
You worshipped Okawaru.
Okawaru was exalted by your worship.
You were a bat.
You visited 11 branches of the dungeon, and saw 54 of its levels.
You visited the Abyss 1 time.
You also visited: Trove, Bailey, Gauntlet, Ice Cave and Volcano.

You collected 9124 gold pieces.
You spent 5015 gold pieces at shops.

Inventory:

Hand Weapons
 a - a +9 vampiric executioner's axe (melded)
 b - the +3 sling "Punk" {acid, rCorr}
   (You found it on level 10 of the Dungeon)

   Any ammunition fired from it is coated in acid, damaging and corroding those
   it strikes.
   rCorr:     It protects you from acid and corrosion.
 S - the +10 battleaxe of Edagur {flame, SInv Stlth+}
   (Okawaru gifted it to you on level 4 of the Depths)

   It burns those it strikes, dealing additional fire damage.
   Big, fiery blades are also staple armaments of hydra-hunters.
   SInv:      It lets you see invisible.
   Stlth:     It makes you more stealthy.
Missiles
 q - 13 silver javelins
 v - 12 throwing nets
 y - 368 sling bullets
 G - 8 curare-tipped darts
Armour
 F - +10 gold dragon scales (melded)
 K - the +0 pair of gloves "Feubb" (melded) {Regen+ rCorr Str+2 Dex-4}
   (Okawaru gifted it to you on level 1 of the Vaults)

   Str:       It affects your strength (+2).
   Dex:       It affects your dexterity (-4).
   Regen:     It increases your rate of health regeneration.
   rCorr:     It protects you from acid and corrosion.
 P - a scarf of repulsion (melded)
 R - the +0 mask of the Dragon (melded) {Will+ Slay+3 SInv}
   (You found it on level 2 of the Depths)

   Slay:      It affects your accuracy & damage with ranged weapons and melee
   (+3).
   SInv:      It lets you see invisible.
   Will:      It increases your willpower.
 V - the +1 pair of boots of Infinity (melded) {Str+4 Int+2}
   (You bought it in a shop on level 2 of the Orcish Mines)

   Str:       It affects your strength (+4).
   Int:       It affects your intelligence (+2).
Jewellery
 e - the dreamshard necklace {*Dream Drain}
   (You found it on level 3 of the Shoals)

   [amulet of nothing]

   It shatters if its wearer takes lethal or near-lethal damage, preventing the
   blow and releasing protective dreams that heal and fight for the wearer.
   Drain:     It drains your maximum health when unequipped.
 g - the ring "Ysyfoir" (melded) {rN+ rCorr MP+9 AC+4 SInv}
   (You found it on level 1 of the Lair of Beasts)

   [ring of protection]

   AC:        It affects your AC (+4).
   rN:        It protects you from negative energy.
   MP:        It affects your magic capacity (+9).
   SInv:      It lets you see invisible.
   rCorr:     It protects you from acid and corrosion.
 h - the ring "Sukeiq" (melded) {rF+ rN+ Will+ Int+4 Dex+4}
   (You bought it in a shop on level 5 of the Vaults)

   [ring of positive energy]

   Int:       It affects your intelligence (+4).
   Dex:       It affects your dexterity (+4).
   rF:        It protects you from fire.
   rN:        It protects you from negative energy.
   Will:      It increases your willpower.
 j - the ring of Tuyg {*Slow rElec rPois rN+ Will++}
   (You acquired it on level 4 of the Realm of Zot)

   [ring of positive energy]

   rElec:     It insulates you from electricity.
   rPois:     It protects you from poison.
   rN:        It protects you from negative energy.
   *Slow:     It may slow you when you take damage.
   Will:      It greatly increases your willpower.
 t - the amulet "Hero's Friend" (around neck) {Spirit Rampage rC+ Regen+}
   (You found it on level 4 of the Realm of Zot)

   [amulet of guardian spirit]

   It causes incoming damage to be divided between your reserves of health and
   magic.
   rC:        It protects you from cold.
   Regen:     It increases your rate of health regeneration.
   Rampage:   It bestows one free step when moving towards enemies.
 Q - an amulet of regeneration
 T - a ring of protection from cold
Wands
 c - a wand of mindburst (36)
 d - a wand of flame (111)
 l - a wand of iceblast (62)
 m - a wand of polymorph (30)
 I - a wand of acid (34)
 W - a wand of digging (14)
 Z - a wand of paralysis (28)
Scrolls
 o - 11 scrolls of blinking
 r - 5 scrolls of enchant weapon
 u - 23 scrolls of teleportation
 x - 14 scrolls of fear
 A - 5 scrolls of torment
 D - 11 scrolls of fog
 E - 3 scrolls of amnesia
 J - 9 scrolls of magic mapping
 X - 3 scrolls of holy word
 Y - 2 scrolls of silence
Potions
 i - 5 potions of resistance
 k - 6 potions of invisibility
 n - 33 potions of curing
 w - 9 potions of might
 z - 12 potions of attraction
 B - 10 potions of ambrosia
 C - 14 potions of heal wounds
 H - 6 potions of haste
 L - 4 potions of mutation
 M - 4 potions of cancellation
 N - 2 potions of berserk rage
 O - 2 potions of magic
Miscellaneous
 f - a lightning rod (4/4)
 p - a condenser vane
 s - a tin of tremorstones (2/2)
 U - a phial of floods


   Skills:
 * Level 26.9 Fighting
 + Level 26.0 Axes
 - Level 14.0(14.5) Slings
 + Level 6.8(11.3) Throwing
 - Level 19.0 Armour
 - Level 9.0 Dodging
 - Level 10.0 Stealth
 - Level 12.0 Invocations
 - Level 15.0 Evocations


You had 26 spell levels left.
You didn't know any spells.
Your spell library contained the following spells:

 Spells                   Type           Power      Damage    Failure   Level
 Apportation              Tloc           0%         N/A       28%         1
 Beastly Appendage        Tmut           0%         N/A       28%         1
 Foxfire                  Conj/Fire      0%         2x1d4     28%         1
 Magic Dart               Conj           0%         1d3       28%         1
 Pain                     Necr           0%         1d4       28%         1
 Slow                     Hex            0%         N/A       28%         1
 Sting                    Tmut/Pois      0%         1d3       28%         1
 Blink                    Tloc           0%         N/A       41%         2
 Corpse Rot               Necr/Air       0%         N/A       41%         2
 Ensorcelled Hibernation  Hex/Ice        0%         N/A       41%         2
 Passwall                 Tmut/Erth      0%         N/A       41%         2
 Poisonous Vapours        Pois/Air       0%         N/A       41%         2
 Scorch                   Fire           0%         2d5       41%         2
 Searing Ray              Conj           0%         2d4       41%         2
 Static Discharge         Conj/Air       0%         N/A       41%         2
 Wereblood                Tmut           0%         N/A       41%         2
 Confusing Touch          Hex            0%         N/A       65%         3
 Conjure Flame            Conj/Fire      0%         6-21      65%         3
 Dazzling Flash           Conj/Hex       0%         N/A       65%         3
 Gell's Gravitas          Tloc           0%         N/A       65%         3
 Ignite Poison            Fire/Tmut/Pois 0%         N/A       65%         3
 Inner Flame              Hex/Fire       0%         N/A       65%         3
 Lesser Beckoning         Tloc           0%         N/A       65%         3
 Mephitic Cloud           Conj/Pois/Air  0%         N/A       65%         3
 Ozocubu's Armour         Ice            0%         N/A       65%         3
 Portal Projectile        Hex/Tloc       0%         N/A       65%         3
 Spider Form              Tmut/Pois      0%         N/A       65%         3
 Swiftness                Air            0%         N/A       65%         3
 Teleport Other           Tloc           0%         N/A       65%         3
 Vampiric Draining        Necr           0%         2d6       65%         3
 Airstrike                Air            0%         N/A       96%         4
 Anguish                  Hex/Necr       0%         N/A       96%         4
 Cause Fear               Hex            0%         N/A       96%         4
 Dispel Undead            Necr           0%         3d6       96%         4
 Fulminant Prism          Conj/Hex       0%         3d6       96%         4
 Hailstorm                Conj/Ice       0%         3d3       96%         4
 Ice Form                 Ice/Tmut       0%         N/A       96%         4
 Iskenderun's Mystic Bla  Conj/Tloc      0%         2d3       96%         4
 Leda's Liquefaction      Hex/Erth       0%         N/A       96%         4
 Olgreb's Toxic Radiance  Pois           0%         N/A       96%         4
 Passage of Golubria      Tloc           0%         N/A       96%         4
 Petrify                  Tmut/Erth      0%         N/A       96%         4
 Sticky Flame             Conj/Fire      0%         2d3       96%         4
 Agony                    Necr           0%         N/A       100%        5
 Alistair's Intoxication  Tmut/Pois      0%         N/A       100%        5
 Blade Hands              Tmut           0%         N/A       100%        5
 Borgnjor's Vile Clutch   Necr/Erth      0%         N/A       100%        5
 Excruciating Wounds      Necr           0%         N/A       100%        5
 Fireball                 Conj/Fire      0%         3d3       100%        5
 Freezing Cloud           Conj/Ice/Air   0%         6-21      100%        5
 Iskenderun's Battlesphe  Conj           0%         2d6       100%        5
 Lee's Rapid Deconstruct  Erth           0%         3d5*      100%        5
 Lightning Bolt           Conj/Air       0%         1d11      100%        5
 Manifold Assault         Tloc           0%         N/A       100%        5
 Metabolic Englaciation   Hex/Ice        0%         N/A       100%        5
 Silence                  Hex/Air        0%         N/A       100%        5
 Yara's Violent Unravell  Hex/Tmut       0%         3d3       100%        5
 Starburst                Conj/Fire      0%         6d3       100%        6
 Ozocubu's Refrigeration  Ice            0%         4d5       100%        7
 Storm Form               Tmut/Air       0%         N/A       100%        7
 Discord                  Hex            0%         N/A       100%        8
 Ignition                 Fire           0%         3d3       100%        8
 Lehudib's Crystal Spear  Conj/Erth      0%         10d2      100%        8
 Maxwell's Capacitive Co  Air            0%         ∞         100%        8
 Chain Lightning          Conj/Air       0%         N/A       100%        9
 Fire Storm               Conj/Fire      0%         5d1       100%        9
 Polar Vortex             Ice            0%         N/A       100%        9
 Shatter                  Erth           0%         3d5*      100%        9
 Animate Skeleton         Necr           Unusable   N/A       N/A         1
 Call Canine Familiar     Summ           Unusable   N/A       N/A         3
 Tukima's Dance           Hex            Unusable   N/A       N/A         3
 Animate Armour           Summ/Erth      Unusable   N/A       N/A         4
 Animate Dead             Necr           Unusable   N/A       N/A         4
 Summon Lightning Spire   Summ/Air       Unusable   N/A       N/A         4
 Death Channel            Necr           Unusable   N/A       N/A         6
 Simulacrum               Ice/Necr       Unusable   N/A       N/A         6
 Statue Form              Tmut/Erth      Unusable   N/A       N/A         6

Dungeon Overview and Level Annotations

Branches:
Dungeon (15/15)            Temple (1/1) D:4            Lair (6/6) D:11
 Shoals (4/4) Lair:2       Spider (4/4) Lair:3        Slime (5/5) Lair:6
    Orc (2/2) D:11            Elf (3/3) Orc:2        Vaults (5/5) D:14
  Crypt (0/3) Vaults:3     Depths (4/4) D:15            Zot (5/5) Depths:4
 Bailey (visited)           IceCv (visited)         Volcano (visited)
Gauntlet (visited)

Altars:
Ashenzari
Cheibriados
Dithmenos
Gozag
Hepliaklqana
Makhleb
Nemelex Xobeh
Okawaru
Qazlal
Uskayaw
Vehumet
Wu Jian
Xom
Zin
Beogh
Jiyva

Shops:
D:3 !   D:15 =:(!   Orc:2 [[!:   Elf:1 ?   Elf:2 [*=?:?*   Shoals:2 !
Shoals:3 [:([   Vaults:1 ?   Vaults:4 [[   Vaults:5 !??*!=*   Depths:1 !
Depths:3 ==:

Portals:
Hell: Depths:1 Depths:2 Depths:3 Depths:4
Abyss: Depths:1 Depths:2 Depths:3 Depths:4
Pandemonium: Depths:2
Ziggurat: Depths:3

Annotations:
D:2 exclusion: 2 downstairs
D:8 exclusion: downstairs
Lair:3 2 transporters, DrKleor's ghost, journeyman DsFi
Spider:3 3 runed translucent doors, RBrandon's ghost, adept PaMo
Elf:2 3 runed translucent doors


Innate Abilities, Weirdness & Mutations

You are a bat.
You are tiny and dextrous.
You move quickly.
You are flying.
Your equipment is almost entirely melded.
You are incapable of wielding weapons or throwing items.
You cannot cast spells.
You are immune to sickness and miasma.
((Your stone body is resilient. (AC +20)))
You are immune to poison.
((Your large and strong wings let you fly.))
You resist negative energy. (rN+)
((You are resistant to electric shocks. (rElec)))
You are resistant to unholy torment.
You are immune to petrification.
((You have a beak for a mouth.))
((You have a pair of small horns on your head.))
((You are partially covered in iridescent scales. (AC +2)))
You are dopey. (Int -2)
Your spells are a little easier to cast, but a little less powerful.


Message History

Your +10 gold dragon scales melds into your body.
The ring "Sukeiq" {rF+ rN+ Will+ Int+4 Dex+4} melds into your body.
The ring "Ysyfoir" {rN+ rCorr MP+9 AC+4 SInv} melds into your body.
You feel the dreadful sensation subside.
The haze of the repulsion field disappears.
Erastrof hits you! Erastrof completely misses you.
You miss Erastrof.
Erastrof is severely wounded.
You feel mightier all of a sudden. Erastrof hits you!!
You miss Erastrof.
Erastrof is severely wounded.
Erastrof barely misses you.
You completely miss Erastrof.
Erastrof is severely wounded.
Erastrof misses you. Erastrof barely misses you.
You barely miss Erastrof.
Erastrof is severely wounded.
Erastrof completely misses you.
You bite Erastrof!
Erastrof is severely wounded.
You suddenly lose the ability to move!
You flicker back into view.
Erastrof hits you!!!
You feel your power leaking away.
You are engulfed in seething chaos.
You feel yourself speed up. Erastrof completely misses you. Erastrof hits you!!
You feel your power leaking away.
You are engulfed in seething chaos.
You feel mightier all of a sudden. Erastrof hits you!!
* * * LOW HITPOINT WARNING * * *
Erastrof freezes you.
* * * LOW HITPOINT WARNING * * *
Erastrof hits you!!!
* * * LOW HITPOINT WARNING * * *
You feel mightier all of a sudden.
You are engulfed in seething chaos.
You shrug off the repeated paralysis!
Erastrof hits you!!
You die...

###.#.###.###.#######....?..#.8..
#....##...........#####...#...#
####.####.########.#.##...#...#
#.# #.# #...##...#...#
######.####'###### #.####...#...#
#....>.#........[# #.# #...#####
#.######.......§§###.####........
#.# #.......§&#......'........
#.######.......§b#.#.####........
#......'.........'.#.# #########
########.........#.#.## #........
#.........#....# #........
#.........#.##.# #........
#####'#####'##.# #........
#............#.# ###'#####
#............#.# ##.#####
#............#.####.......


You could see Erastrof (clouds).

Vanquished Creatures
  the Royal Jelly (Slime:5)
  A dread lich (Zot:5)
  12 orbs of fire
  3 ancient liches
  Bai Suzhen (Vaults:4)
  Frederick (Vaults:4)
  3 Killer Klowns (Zot:5)
  2 curse toes
  13 golden dragons
  Nikola (Spider:1)
  A bone dragon (Depths:4)
  2 electric golems (Zot:5)
  Arachne (Spider:2)
  A Brimstone Fiend (Zot:4)
  A hellephant (Depths:1)
  14 tentacled monstrosities
  Jorgrun (Orc:2)
  3 liches
  25 Orb Guardians (Zot:5)
  A walking divine tome (Depths:4)
  4 quicksilver dragons
  4 titans (Vaults:5)
  2 deep elf blademasters (Elf:3)
  2 deep elf master archers (Elf:3)
  14 acid blobs
  8 sphinxes
  The ghost of Eruidisu the Lord of Darkness, an adept DsNe of Kikubaaqudgha (Shoals:3)
  A kraken (Shoals:4)
  11 death cobs
  12 storm dragons
  3 tentacled starspawn (Abyss:2)
  Gastronok (Lair:1)
  Ilsuiw (Shoals:2)
  9 tengu reavers
  10 shadow dragons
  Roxanne (Spider:4)
  The ghost of Pocvaraige the Brawler, a journeyman TrMo of Gozag (D:14)
  4 azure jellies
  10 rockslimes
  4 draconian monks
  8 frost giants
  5 emperor scorpions
  2 fire giants
  5 draconian knights
  A balrug (Abyss:2)
  6 draconian scorchers
  Aizul (Shoals:2)
  5 orc warlords
  4 ghost moths
  An iron dragon (Depths:3)
  3 draconian shifters
  4 deep elf sorcerers
  16 ironbound preservers
  15 vault wardens
  5 deep elf elementalists
  A spriggan defender (Depths:4)
  3 draconian stormcallers
  6 war gargoyles
  8 quicksilver oozes
  13 very ugly things
  12 stone giants
  2 broodmothers
  7 draconian annihilators
  12 green draconians
  4 eleionomae (Depths:1)
  2 elemental wellsprings (Depths:1)
  2 demonspawn black suns (Zot:4)
  2 deep elf demonologists (Elf:3)
  A vampire knight (Depths:3)
  A minotaur (Gauntlet)
  A spark wasp (shapeshifter) (Depths:2)
  7 entropy weavers
  7 white draconians
  8 ironbound thunderhulks
  10 red draconians
  11 black draconians
  5 purple draconians
  16 dire elephants
  6 yellow draconians
  8 deep elf annihilators (Elf:3)
  The ghost of Bearnado the Spear-Bearer, a journeyman MiBe of Trog (Orc:2)
  Snorg (Orc:1)
  3 spark wasps
  8 deep elf death magi
  2 blizzard demons
  12 ettins
  12 merfolk impalers
  15 yaktaur captains
  11 merfolk javelineers
  Josephine (Spider:1)
  3 deep elf high priests
  5 fire dragons
  37 vault guards
  3 peacekeepers (Vaults:4)
  3 rakshasas
  5 ice dragons
  5 merfolk avatars
  5 ogre magi
  6 great orbs of eyes
  4 boulder beetles
  4 hydras
  2 alligator snapping turtles
  2 centaur warriors
  3 spriggan air magi
  A jorogumo (Spider:4)
  3 salamander tyrants (Depths:1)
  Erica (Lair:1)
  A jorogumo (shapeshifter) (Depths:3)
  A death knight (D:14)
  18 dancing weapons
  A satyr (Shoals:4)
  5 death yaks (Lair:3)
  6 tengu warriors
  4 ironbound frosthearts
  17 two-headed ogres
  9 merfolk aquamancers
  4 deep troll earth magi
  2 spriggan berserkers (Depths:4)
  4 deep troll shamans (Depths:2)
  2 thrashing horrors (Abyss:3)
  10 hell hogs
  4 hell knights
  2 sun demons (Abyss:2)
  13 deep elf knights
  2 salamander mystics
  A soul eater (Zot:4)
  7 spatial maelstroms
  A wretched star (Abyss:2)
  A skeletal warrior (D:14)
  2 sun moths
  5 pharaoh ants
  A sea snake (shapeshifter) (Vaults:5)
  52 deep trolls
  A storm dragon skeleton (Depths:1)
  3 iron trolls
  6 steelbarb worms
  A steelbarb worm (shapeshifter) (Vaults:5)
  2 flayed ghosts
  A shadow demon (Abyss:3)
  10 orb spiders
  An anaconda zombie (Abyss:2)
  23 ironbound convokers
  10 wizards
  7 deep elf archers
  13 sea snakes
  5 glowing orange brains
  3 orange crystal statues
  Pikel (D:4)
  17 orc knights
  3 phantasmal warriors
  A harpy (shapeshifter) (Abyss:3)
  22 harpies
  21 deep elf zephyrmancers
  22 deep elf pyromancers
  42 ugly things
  12 lindwurms
  5 necromancers
  3 cyclopes
  10 fauns
  2 iron dragon zombies (Abyss:3)
  3 orc sorcerers
  3 shining eyes (Slime:5)
  An oklob plant (Lair:2)
  A sphinx zombie (Vaults:3)
  A faun (shapeshifter) (Vaults:5)
  A frost giant zombie (Depths:1)
  9 salamanders
  A cyclops (shapeshifter) (Vaults:5)
  34 wolf spiders
  24 moths of wrath
  7 manticores
  A worldbinder (Abyss:2)
  5 merfolk sirens
  10 elephants
  10 torpor snails
  20 vault sentinels
  13 black mambas
  A guardian serpent (Lair:6)
  A stone giant skeleton (Vaults:3)
  A gargoyle (D:13)
  A smoke demon (Abyss:2)
  2 fire giant skeletons (Depths:1)
  An eye of devastation (Slime:5)
  2 unseen horrors
  8 water nymphs
  A cane toad (shapeshifter) (Abyss:3)
  15 cane toads
  6 rime drakes
  9 demonic crawlers
  11 komodo dragons
  An ancient zyme (Abyss:2)
  6 freezing wraiths
  A tormentor (Zot:1)
  30 yaktaurs
  An anaconda simulacrum (IceCv)
  A dryad (Depths:1)
  3 tengu conjurers
  2 golden dragon simulacra (IceCv)
  A hellwing (Abyss:2)
  3 polar bears (Lair:2)
  7 trolls
  A queen bee (Spider:4)
  15 meliai
  5 wind drakes
  46 merfolk
  A blink frog (shapeshifter) (D:15)
  29 tarantellas
  9 dream sheep
  66 slime creatures
  15 hornets
  20 blink frogs
  31 jumping spiders
  3 air elementals
  8 snapping turtles
  An ettin zombie (Vaults:3)
  4 small abominations (Abyss:2)
  51 yaks
  19 culicivoras
  9 starcursed masses (Abyss:2)
  A spriggan (shapeshifter) (Vaults:5)
  3 spriggans (Depths:4)
  16 wyverns
  9 wraiths
  2 dire elephant simulacra (IceCv)
  30 water elementals
  3 fire elementals (Elf:2)
  2 basilisks
  A fire bat (shapeshifter) (Depths:1)
  A redback (shapeshifter) (Elf:3)
  Grum (Lair:1)
  68 redbacks
  6 spatial vortices
  9 vampire mosquitoes
  Menkaure (D:4)
  2 steam dragons (Lair:6)
  7 wargs
  28 water moccasins
  2 acid dragons
  3 hell hounds
  3 hydra simulacra (IceCv)
  36 orc warriors
  3 sky beasts
  A fire dragon simulacrum (Abyss:2)
  An ice beast (D:6)
  3 alligator simulacra (IceCv)
  4 large abominations (Abyss:2)
  9 black bears
  A necrophage (D:6)
  10 ogres
  4 ettin simulacra
  5 boggarts (Vaults:3)
  16 wolves
  19 centaurs
  2 lemures (D:4)
  A kobold brigand (D:7)
  13 bullfrogs
  4 earth elementals
  3 gnoll sergeants
  3 scorpions
  A wyvern skeleton (D:6)
  A human simulacrum (Vaults:3)
  A water moccasin skeleton (D:5)
  4 lindwurm simulacra (IceCv)
  11 killer bees (Spider:4)
  10 electric eels
  5 wights
  5 howler monkeys
  A lava snake (D:13)
  5 centaur zombies
  A bullfrog zombie (D:3)
  5 hounds
  24 orc priests
  7 jellies
  3 gnoll shamans
  An iron imp (D:10)
  Natasha (thrice) (D:4)
  2 iguanas
  16 orc wizards
  15 hell rats
  A scorpion zombie (D:4)
  A killer bee zombie (D:6)
  A hound zombie (D:5)
  2 howler monkey zombies
  2 howler monkey skeletons
  19 gnolls
  7 adders
  7 river rats (Lair:4)
  A shadow imp (Abyss:2)
  2 white imps
  An ufetubus (D:4)
  4 worms
  2 dart slugs
  93 orcs
  10 endoplasms
  A giant cockroach (D:1)
  8 goblins
  15 hobgoblins
  7 quokkas
  8 ball pythons
  4 bats
  3 frilled lizards
  17 kobolds
  11 rats
  A snaplasher vine (Depths:1)
  8 starspawn tentacles (Abyss:2)
  3 tentacles (Shoals:4)
2295 creatures vanquished.

Vanquished Creatures (collateral kills)
  A gnoll (D:3)
1 creature vanquished.

Vanquished Creatures (others)
  A fire giant (Depths:3)
  2 merfolk aquamancers
  A deep elf knight (Elf:2)
  A swamp dragon (Lair:6)
  A deep elf zephyrmancer (Elf:1)
  2 wolf spiders
  2 merfolk sirens (Shoals:2)
  A tengu conjurer (D:14)
  2 merfolk (Shoals:2)
  2 redbacks (Spider:1)
  An orc warrior (Orc:2)
  A centaur (Orc:2)
  A gnoll (D:3)
  A bat (D:2)
  5 demonic plants (Gauntlet)
  21 fungi
  A lurking horror (Abyss:2)
  207 plants
  2 starspawn tentacles (Abyss:2)
  2 tentacles (Shoals:4)
  2 withered plants (D:14)
259 creatures vanquished.

Grand Total: 2555 creatures vanquished

Notes
Turn   | Place    | Note
-------+----------+-------------------------------------------
     0 | D:1      | ragingrage the Gargoyle Artificer began the quest for the
                  | Orb.
     0 | D:1      | Reached XP level 1. HP: 12/12 MP: 1/1
    93 | D:1      | Reached XP level 2. HP: 15/17 MP: 2/2
   199 | D:1      | Found a faded altar of an unknown god.
  1344 | D:1      | Reached XP level 3. HP: 21/21 MP: 3/3
  2459 | D:2      | Reached XP level 4. HP: 24/27 MP: 4/4
  3010 | D:2      | Got Fiator's Catalogue of the Dark Glacier
  3079 | D:3      | Noticed an ogre
  3389 | D:3      | Reached XP level 5. HP: 32/33 MP: 5/5
  3412 | D:3      | Killed an ogre
  3419 | D:3      | Reached XP level 6. HP: 39/39 MP: 6/6
  3821 | D:3      | Found Metitis's Distillery.
  3975 | D:3      | Bought a potion of might for 48 gold pieces
  3975 | D:3      | Bought a potion of curing for 36 gold pieces
  4283 | D:4      | Noticed a sky beast
  4558 | D:3      | Killed a sky beast
  4559 | D:3      | Reached skill level 5 in Evocations
  4660 | D:4      | Reached XP level 7. HP: 40/44 MP: 7/7
  5002 | D:4      | Noticed Menkaure
  5024 | D:4      | Killed Menkaure
  5075 | D:4      | Noticed Natasha
  5086 | D:4      | Killed Natasha
  5136 | D:4      | Noticed Natasha
  5147 | D:4      | Killed Natasha
  5148 | D:4      | Reached skill level 5 in Axes
  5183 | D:4      | Noticed Natasha
  5188 | D:4      | Killed Natasha
  5242 | D:4      | Found a staircase to the Ecumenical Temple.
  5338 | Temple   | Entered the Ecumenical Temple
  5439 | Temple   | Became a worshipper of Warmaster Okawaru
  5550 | D:4      | Noticed Pikel
  5573 | D:4      | Killed Pikel
  5574 | D:4      | Reached XP level 8. HP: 24/48 MP: 5/8
  6023 | D:5      | Entered Level 5 of the Dungeon
  6596 | D:5      | Reached * piety under Okawaru
  6597 | D:5      | Reached XP level 9. HP: 25/52 MP: 4/9
  8383 | D:6      | Reached ** piety under Okawaru
  8384 | D:6      | Reached skill level 10 in Axes
  9086 | D:7      | Found a flagged portal.
  9112 | Bailey   | Entered a bailey
  9671 | Bailey   | Reached XP level 10. HP: 32/58 MP: 6/10
 11013 | D:7      | Reached *** piety under Okawaru
 11973 | D:8      | Noticed a two-headed ogre
 11980 | D:8      | Killed a two-headed ogre
 12405 | D:9      | Noticed a two-headed ogre
 13149 | D:9      | Reached **** piety under Okawaru
 13454 | D:9      | Killed a two-headed ogre
 13455 | D:9      | Reached XP level 11. HP: 62/62 MP: 11/11
 13487 | D:10     | Entered Level 10 of the Dungeon
 13548 | D:10     | Identified a scroll of acquirement
 13548 | D:10     | Acquired a +4 vampiric executioner's axe
 13572 | D:10     | Found the +3 sling "Punk" {acid, rCorr}
 13893 | D:10     | Found a snail-covered altar of Cheibriados.
 15005 | D:11     | Found a staircase to the Orcish Mines.
 15005 | D:11     | Noticed a two-headed ogre
 15035 | D:11     | Killed a two-headed ogre
 15306 | D:11     | Reached ***** piety under Okawaru
 15317 | D:11     | Reached skill level 15 in Axes
 15839 | D:11     | Found a staircase to the Lair.
 16594 | D:12     | Noticed a five-headed hydra
 16609 | D:12     | Killed a five-headed hydra
 16610 | D:12     | Reached skill level 5 in Fighting
 16720 | D:12     | Noticed a white ugly thing
 16746 | D:12     | Killed a white ugly thing
 16747 | D:12     | Reached XP level 12. HP: 50/68 MP: 8/12
 16988 | D:12     | Found a viscous altar of Jiyva.
 17158 | D:12     | Noticed a two-headed ogre
 17168 | D:12     | Killed a two-headed ogre
 17193 | D:12     | Identified the +1 robe of Exzeshrua {rN+ SInv} (Okawaru
                  | gifted it to you on level 12 of the Dungeon)
 17193 | D:12     | Received a gift from Okawaru
 17226 | D:12     | Noticed a boulder beetle
 17244 | D:12     | Killed a boulder beetle
 17537 | D:12     | Noticed a two-headed ogre
 17543 | D:12     | Killed a two-headed ogre
 17987 | D:12     | Noticed a two-headed ogre
 17993 | D:12     | Killed a two-headed ogre
 18629 | Lair:1   | Entered Level 1 of the Lair of Beasts
 18882 | Lair:1   | Identified the ring "Ysyfoir" {rN+ rCorr MP+9 AC+4 SInv}
 19013 | Lair:1   | Noticed Grum
 19030 | Lair:1   | Killed Grum
 19248 | Lair:1   | Noticed Gastronok
 19260 | Lair:1   | Killed Gastronok
 19463 | Lair:1   | Reached XP level 13. HP: 68/82 MP: 13/13
 19469 | Lair:1   | Reached ****** piety under Okawaru
 19469 | Lair:1   | Identified the +2 buckler of a Gauntlet {rElec rC+}
                  | (Okawaru gifted it to you on level 1 of the Lair of Beasts)
 19469 | Lair:1   | Received a gift from Okawaru
 19649 | Lair:1   | Noticed Erica
 19655 | Lair:1   | Killed Erica
 19656 | Lair:1   | Reached skill level 10 in Fighting
 19790 | Lair:2   | Found a staircase to the Shoals.
 21420 | Lair:3   | Found a transporter.
 21423 | Lair:3   | Found a transporter.
 21424 | Lair:3   | Noticed DrKleor's ghost (journeyman DsFi)
 21818 | Lair:3   | Received a gift from Okawaru
 21857 | Lair:3   | Found a hole to the Spider Nest.
 22402 | Lair:4   | Gained mutation: Your large and strong wings let you fly.
                  | [Gargoyle growth]
 22402 | Lair:4   | Reached XP level 14. HP: 88/88 MP: 14/14
 22420 | Lair:4   | Identified the +3 great sword of Terra Nullius {drain,
                  | *Rage *Noise Int+9 SInv}
 23239 | Lair:5   | Reached skill level 5 in Armour
 23633 | Lair:6   | Entered Level 6 of the Lair of Beasts
 24023 | Lair:6   | Received a gift from Okawaru
 24214 | Lair:6   | Noticed Sonja
 24215 | Lair:6   | Noticed Sonja
 24215 | Lair:6   | Sonja changed into Sonja the endoplasm
 24220 | Lair:6   | Killed Sonja the endoplasm
 24378 | Lair:6   | Found a staircase to the Slime Pits.
 25174 | Lair:6   | Reached XP level 15. HP: 92/92 MP: 9/15
 25543 | D:13     | Identified the +4 plate armour of Eternal Night {Rampage
                  | rPois rF- Str+7} (Okawaru gifted it to you on level 13 of
                  | the Dungeon)
 25543 | D:13     | Received a gift from Okawaru
 25589 | D:13     | Found a gate leading to a gauntlet.
 25654 | Gauntlet | Entered a Gauntlet
 25654 | Gauntlet | Found a transporter.
 25654 | Gauntlet | Found a large runed translucent door.
 25654 | Gauntlet | Found a large runed translucent door.
 25654 | Gauntlet | Found a large runed translucent door.
 25654 | Gauntlet | Found a large runed translucent door.
 25654 | Gauntlet | Found a runed translucent door.
 25654 | Gauntlet | Found a runed translucent door.
 25654 | Gauntlet | Found a large runed translucent door.
 25654 | Gauntlet | Found a large runed translucent door.
 25654 | Gauntlet | Found a large runed translucent door.
 25654 | Gauntlet | Found a large runed translucent door.
 25654 | Gauntlet | Found a large runed translucent door.
 25654 | Gauntlet | Found a large runed translucent door.
 25655 | Gauntlet | Found a large runed translucent door.
 25655 | Gauntlet | Found a large runed translucent door.
 25656 | Gauntlet | Found a large runed translucent door.
 25656 | Gauntlet | Found a large runed translucent door.
 25656 | Gauntlet | Found a large runed translucent door.
 25656 | Gauntlet | Found a large runed translucent door.
 25725 | Gauntlet | Found a transporter.
 25739 | Gauntlet | Found a transporter.
 25744 | Gauntlet | Found a transporter.
 25761 | Gauntlet | Found a transporter.
 25780 | Gauntlet | Found a transporter.
 25792 | Gauntlet | Found a transporter.
 25804 | Gauntlet | Found a transporter.
 25816 | Gauntlet | Found a transporter.
 25828 | Gauntlet | Found a transporter.
 25845 | Gauntlet | Found a transporter.
 25863 | Gauntlet | Found a transporter.
 25865 | Gauntlet | Found a transporter.
 25888 | Gauntlet | Found a runed translucent gate.
 25888 | Gauntlet | Found a runed translucent gate.
 25888 | Gauntlet | Found a runed translucent gate.
 25890 | Gauntlet | Found a transporter.
 25892 | Gauntlet | Found a transporter.
 25912 | Gauntlet | Found a transporter.
 25990 | Gauntlet | Found a transporter.
 26016 | Gauntlet | Found a transporter.
 26235 | Gauntlet | Identified the +1 pair of gloves "Dosisomi" {Str+3 Int+3}
 26300 | Gauntlet | Identified the amulet of Eternity {Reflect rC+ MP-9 Str+3
                  | Int+2 SH+5}
 26319 | Gauntlet | Identified the +6 trident "Peots" {vamp, rPois rF- rCorr}
 26346 | Gauntlet | Identified the +2 quarterstaff of Wu Jian's Esteem {drain,
                  | rPois Will- rCorr}
 26349 | Gauntlet | Got Neco Ana's Collected Works on Changing
 27240 | D:14     | Found a gate to the Vaults.
 27521 | D:14     | Found a runed translucent door.
 27630 | D:14     | Noticed Pocvaraige's ghost (journeyman TrMo)
 27630 | D:14     | Found the +5 scythe "Finisher" {speed, eviscerate}
 27989 | D:14     | Found a hazy altar of Hepliaklqana.
 28185 | D:15     | Entered Level 15 of the Dungeon
 28185 | D:15     | Found Uveetwel's Book Boutique.
 28186 | D:15     | Found Kapun's Antique Weapon Emporium.
 28241 | D:15     | Identified the +5 ring mail of the Accordion {Str+4 Stlth+}
                  | (Okawaru gifted it to you on level 15 of the Dungeon)
 28241 | D:15     | Received a gift from Okawaru
 28330 | D:15     | Found a frozen archway.
 28350 | IceCv    | Entered an ice cave
 28769 | IceCv    | Identified the +1 leather armour of Proximity {Regen+}
 29188 | D:15     | Found a staircase to the Depths.
 29188 | D:15     | Noticed a frost giant
 29195 | D:15     | Killed a frost giant
 29240 | D:15     | Identified the amulet "Odapsof" {Reflect Int+4 SH+5}
 29514 | D:15     | Found Loxzouf's Distillery.
 29522 | D:15     | Bought 2 potions of invisibility for 176 gold pieces
 29522 | D:15     | Bought a potion of heal wounds for 55 gold pieces
 29593 | D:15     | Reached XP level 16. HP: 104/104 MP: 16/16
 29616 | D:15     | Found Kerghuilo's Jewellery Boutique.
 29737 | Orc:1    | Entered Level 1 of the Orcish Mines
 29748 | Orc:1    | Noticed Snorg
 29769 | Orc:1    | Killed Snorg
 29879 | Orc:1    | Found a dark tunnel.
 29909 | Volcano  | Entered a volcano
 30396 | Orc:2    | Entered Level 2 of the Orcish Mines
 30407 | Orc:2    | Found a staircase to the Elven Halls.
 30610 | Orc:2    | Paralysed by an orc sorcerer for 6 turns
 30618 | Orc:2    | Identified the +1 buckler of the Wary Cities {Harm Int+2}
                  | (Okawaru gifted it to you on level 2 of the Orcish Mines)
 30618 | Orc:2    | Received a gift from Okawaru
 30619 | Orc:2    | Noticed Jorgrun
 30643 | Orc:2    | Killed Jorgrun
 30739 | Orc:2    | Found a runed translucent door.
 30817 | Orc:2    | Found Ryimmyt's Armour Emporium.
 30817 | Orc:2    | Found Jiosmos's Distillery.
 30817 | Orc:2    | Found Corodd's Book Boutique.
 30842 | Orc:2    | Found Ali Zuso's Antique Armour Shoppe.
 30910 | Orc:2    | Noticed Bearnado's ghost (journeyman MiBe)
 31013 | Orc:2    | Killed Bearnado's ghost
 31081 | Orc:2    | Bought a potion of haste for 110 gold pieces
 31081 | Orc:2    | Bought a potion of resistance for 110 gold pieces
 31081 | Orc:2    | Bought a potion of curing for 33 gold pieces
 31081 | Orc:2    | Bought a potion of magic for 88 gold pieces
 31084 | Orc:2    | Bought the +1 pair of boots of Infinity {Str+4 Int+2} for
                  | 320 gold pieces
 31097 | Orc:2    | Bought a glimmering chain mail for 209 gold pieces
 31097 | Orc:2    | Identified the +5 chain mail of Sloth {rN+ Str+3} (You
                  | bought it in a shop on level 2 of the Orcish Mines)
 31514 | D:14     | Killed Pocvaraige's ghost
 31515 | D:14     | Reached skill level 15 in Fighting
 31842 | Spider:1 | Entered Level 1 of the Spider Nest
 31979 | Spider:1 | Got the Collected Works on Flying Transmigration
 32156 | Spider:1 | Noticed Nikola
 32167 | Spider:1 | Killed Nikola
 32180 | Spider:1 | Received a gift from Okawaru
 32492 | Spider:1 | Noticed Josephine
 32500 | Spider:1 | Killed Josephine
 32832 | Spider:2 | Reached XP level 17. HP: 116/116 MP: 17/17
 33678 | Spider:3 | Noticed Arachne
 34216 | Spider:3 | Identified the +1 crystal plate armour of Qedinyupsi {Harm
                  | Will+ Str+3} (Okawaru gifted it to you on level 3 of the
                  | Spider Nest)
 34216 | Spider:3 | Received a gift from Okawaru
 34252 | Spider:2 | Killed Arachne
 34834 | Spider:3 | Found a runed translucent gate.
 34836 | Spider:3 | Found a runed translucent gate.
 34836 | Spider:3 | Noticed RBrandon's ghost (adept PaMo)
 34845 | Spider:3 | Found a runed translucent gate.
 34995 | Spider:4 | Entered Level 4 of the Spider Nest
 34995 | Spider:4 | Noticed Roxanne
 35005 | Spider:4 | Killed Roxanne
 35186 | Spider:4 | Reached skill level 1 in Dodging
 35192 | Spider:4 | Reached skill level 1 in Invocations
 36288 | Spider:4 | Reached XP level 18. HP: 126/126 MP: 0/20
 36439 | Spider:4 | Received a gift from Okawaru
 36718 | Spider:4 | Got a gossamer rune of Zot
 36928 | Shoals:1 | Entered Level 1 of the Shoals
 37081 | Shoals:1 | Reached skill level 1 in Slings
 38027 | Shoals:2 | Reached skill level 5 in Invocations
 38662 | Shoals:2 | Noticed Ilsuiw
 38677 | Shoals:2 | Identified the -4 pair of boots "Ziufe" {Harm *Corrode
                  | rPois Str-5 SInv} (Okawaru gifted it to you on level 2 of
                  | the Shoals)
 38677 | Shoals:2 | Received a gift from Okawaru
 38685 | Shoals:2 | Killed Ilsuiw
 39002 | Shoals:2 | Noticed Aizul
 39019 | Shoals:2 | Killed Aizul
 39368 | Shoals:2 | Found Nider's Distillery.
 39376 | Shoals:2 | Bought a potion of heal wounds for 80 gold pieces
 39376 | Shoals:2 | Bought a potion of heal wounds for 80 gold pieces
 39395 | Shoals:3 | Found Weufeyxy's Antique Weapon Boutique.
 39808 | Shoals:3 | Found Vomuuss's Antique Armour Emporium.
 39820 | Shoals:3 | Found Ylokupn's Book Shop.
 40233 | Shoals:3 | Found a runed translucent door.
 40245 | Shoals:3 | Found Onef's Armour Boutique.
 40254 | Shoals:3 | Noticed Eruidisu's ghost (adept DsNe)
 40254 | Shoals:3 | Found the dreamshard necklace {*Dream Drain}
 40270 | Shoals:3 | Killed Eruidisu's ghost
 40271 | Shoals:3 | Reached XP level 19. HP: 132/132 MP: 23/23
 40491 | Shoals:4 | Entered Level 4 of the Shoals
 40723 | Shoals:4 | Reached skill level 5 in Dodging
 41078 | Shoals:4 | Received a gift from Okawaru
 41246 | Shoals:4 | Reached skill level 5 in Slings
 41246 | Shoals:4 | Reached skill level 10 in Evocations
 41255 | Shoals:4 | Got a barnacled rune of Zot
 41412 | Shoals:4 | Received a gift from Okawaru
 42090 | Elf:1    | Entered Level 1 of the Elven Halls
 42434 | Elf:1    | Reached skill level 10 in Armour
 42454 | Elf:1    | Received a gift from Okawaru
 42615 | Elf:1    | Found Viteul's Magic Scroll Shop.
 42629 | Elf:1    | Bought a scroll of teleportation for 36 gold pieces
 42629 | Elf:1    | Bought a scroll of teleportation for 36 gold pieces
 42629 | Elf:1    | Bought a scroll of enchant weapon for 90 gold pieces
 42689 | Elf:1    | Received a gift from Okawaru
 43003 | Elf:2    | Paralysed by an air elemental for 1 turns
 43069 | Elf:2    | Found a runed translucent gate.
 43069 | Elf:2    | Found a runed translucent gate.
 43107 | Elf:2    | Found a runed translucent gate.
 43181 | Elf:2    | Found Xeulath's Book Shop.
 43181 | Elf:2    | Found Kece's General Store.
 43183 | Elf:2    | Found Ugyd's Magic Scroll Boutique.
 43183 | Elf:2    | Found Ruareq's Jewellery Shoppe.
 43189 | Elf:2    | Found Qayzuggo's General Store.
 43189 | Elf:2    | Found Piocadda's Magic Scroll Emporium.
 43247 | Elf:2    | Bought a scroll of teleportation for 39 gold pieces
 43247 | Elf:2    | Bought a scroll of teleportation for 39 gold pieces
 43253 | Elf:2    | Bought a potion of berserk rage for 95 gold pieces
 43263 | Elf:2    | Bought a scroll of blinking for 112 gold pieces
 43474 | Elf:2    | Found Hetiskud's Armour Shoppe.
 43506 | Elf:2    | Found a radiant altar of Vehumet.
 43514 | Elf:2    | Bought a scarf of repulsion for 228 gold pieces
 43665 | Elf:3    | Entered Level 3 of the Elven Halls
 43745 | Elf:3    | Reached XP level 20. HP: 139/139 MP: 26/26
 44092 | Elf:3    | Identified the +0 hat of the Echidna {rElec Stlth+}
 44105 | Elf:3    | Received a gift from Okawaru
 44191 | Elf:3    | Paralysed by an air elemental for 1 turns
 44538 | Elf:3    | Received a gift from Okawaru
 44552 | Elf:3    | Identified the ring of the Lily {rElec rCorr MP+9}
 44552 | Elf:3    | Identified the amulet "Souc" {Spirit MP+9}
 44659 | Elf:3    | Received a gift from Okawaru
 44660 | Elf:3    | Reached skill level 10 in Slings
 45179 | Elf:3    | Paralysed by an air elemental for 1 turns
 45235 | Elf:3    | Identified the ring of the Commoners {Wiz Str+2 Slay+2}
 45281 | Elf:3    | Got the Handbook of the Fifty Things
 45285 | Elf:3    | Identified the +7 falchion of Moderation {holy, *Slow rElec
                  | Str+4 Dex+2}
 45286 | Elf:3    | Identified the +1 chain mail of Gluttony {*Corrode +Inv Fly
                  | rElec}
 45294 | Elf:3    | Identified the +6 hand axe "Rise" {vorpal, Int+4}
 45339 | Elf:3    | Identified the +1 chain mail "Qacox" {Dex+4}
 45341 | Elf:3    | Identified the +3 fire dragon scales of Wosmom {rF++ rC-
                  | Stlth+}
 45544 | Depths:1 | Entered Level 1 of the Depths
 45832 | Depths:1 | Identified the ring of Irugoc {Int+6 SInv}
 45863 | Depths:1 | Identified the +1 robe of Impermeability {-Tele Int+6
                  | Dex+5} (Okawaru gifted it to you on level 1 of the Depths)
 45863 | Depths:1 | Received a gift from Okawaru
 46385 | Depths:1 | Found a one-way gate to the infinite horrors of the Abyss.
 46811 | Depths:1 | Found Garahif's Distillery.
 46841 | Depths:1 | Found a gateway to Hell.
 46841 | Depths:1 | Noticed a hellephant
 46855 | Depths:1 | Killed a hellephant
 47647 | Depths:2 | Reached XP level 21. HP: 137/144 MP: 28/28
 47753 | Depths:2 | Found a one-way gate leading to the halls of Pandemonium.
 47820 | Depths:2 | Found the +0 mask of the Dragon {Will+ Slay+3 SInv}
 48876 | Depths:3 | Found a one-way gateway to a ziggurat.
 48889 | Depths:3 | Found Dezut's Book Emporium.
 48889 | Depths:3 | Found Wepna's Jewellery Shop.
 48891 | Depths:3 | Found Leathragg's Jewellery Shop.
 48993 | Depths:3 | Noticed a golden dragon
 48997 | Depths:3 | Reached skill level 10 in Invocations
 49000 | Depths:3 | Noticed a golden dragon
 49024 | Depths:3 | Killed a golden dragon
 49024 | Depths:3 | Killed a golden dragon
 49024 | Depths:3 | Received a gift from Okawaru
 49311 | Elf:2    | Bought a scroll of magic mapping for 45 gold pieces
 49311 | Elf:2    | Bought 2 scrolls of magic mapping for 91 gold pieces
 49311 | Elf:2    | Bought a scroll of enchant armour for 97 gold pieces
 49311 | Elf:2    | Bought a scroll of magic mapping for 45 gold pieces
 49311 | Elf:2    | Bought a scroll of enchant armour for 97 gold pieces
 50038 | Depths:4 | Entered Level 4 of the Depths
 50108 | Depths:4 | Found an iron altar of Okawaru.
 50639 | Depths:4 | Identified the +10 battleaxe of Edagur {flame, SInv Stlth+}
                  | (Okawaru gifted it to you on level 4 of the Depths)
 50639 | Depths:4 | Received a gift from Okawaru
 50704 | Depths:4 | Found a gate to the Realm of Zot.
 50704 | Depths:4 | Noticed a golden dragon
 50704 | Depths:4 | Noticed a bone dragon
 50710 | Depths:4 | Killed a golden dragon
 50723 | Depths:4 | Killed a bone dragon
 51558 | Vaults:1 | Entered Level 1 of the Vaults
 51735 | Vaults:1 | Reached XP level 22. HP: 147/152 MP: 30/30
 51742 | Vaults:1 | Identified the +0 pair of gloves "Feubb" {Regen+ rCorr
                  | Str+2 Dex-4} (Okawaru gifted it to you on level 1 of the
                  | Vaults)
 51742 | Vaults:1 | Received a gift from Okawaru
 51753 | Vaults:1 | Noticed a golden dragon
 51760 | Vaults:1 | Killed a golden dragon
 52245 | Vaults:1 | Found Rapunkuj's Magic Scroll Shop.
 52252 | Vaults:1 | Bought a scroll of fog for 28 gold pieces
 52599 | Vaults:1 | Identified the +2 ring mail "Yluruck" {Int+4}
 53045 | Vaults:2 | Found a portal to a secret trove of treasure.
 54544 | Vaults:3 | Received a gift from Okawaru
 54957 | Vaults:3 | Received a gift from Okawaru
 55222 | Vaults:3 | Reached skill level 15 in Armour
 55481 | Vaults:3 | Reached XP level 23. HP: 137/158 MP: 32/32
 55825 | Vaults:3 | Found a staircase to the Crypt.
 56393 | Vaults:4 | Found Acowkev's Antique Armour Emporium.
 56399 | Vaults:4 | Bought a brightly glowing leather armour for 182 gold
                  | pieces
 56399 | Vaults:4 | Identified the +1 leather armour "Ynwynint" {Regen+} (You
                  | bought it in a shop on level 4 of the Vaults)
 56460 | Vaults:4 | Noticed Frederick
 56476 | Vaults:4 | Killed Frederick
 56528 | Vaults:4 | Received a gift from Okawaru
 57194 | Vaults:4 | Received a gift from Okawaru
 57489 | Vaults:4 | Noticed Bai Suzhen
 57505 | Vaults:4 | Killed Bai Suzhen
 57508 | Vaults:4 | Found Emir's Armour Boutique.
 57650 | Vaults:5 | Entered Level 5 of the Vaults
 57673 | Vaults:5 | Received a gift from Okawaru
 57716 | Vaults:5 | Noticed a golden dragon
 57723 | Vaults:5 | Killed a golden dragon
 57884 | Vaults:5 | Reached XP level 24. HP: 168/168 MP: 32/32
 57992 | Vaults:5 | Identified the +9 battleaxe "Watehup" {vorpal, rN+ MP+9
                  | Int+2 Stlth+} (Okawaru gifted it to you on level 5 of the
                  | Vaults)
 57992 | Vaults:5 | Received a gift from Okawaru
 58218 | Vaults:5 | Paralysed by a floating eye for 2 turns
 58241 | Vaults:5 | Identified the amulet "Xausacea" {Acrobat Drain rF+ Will+
                  | Dex+4}
 58384 | Vaults:5 | Got the Reference Book on Arcane Weapons
 58405 | Vaults:5 | Identified the ring of the King {Ice Slay+2}
 58422 | Vaults:5 | Received a gift from Okawaru
 58571 | Vaults:5 | Identified the +6 ring mail "Gaasienka" {Str+5} (Okawaru
                  | gifted it to you on level 5 of the Vaults)
 58571 | Vaults:5 | Received a gift from Okawaru
 58679 | Vaults:5 | Found Raepyos's Distillery.
 58717 | Vaults:5 | Bought a potion of might for 84 gold pieces
 58717 | Vaults:5 | Bought a potion of curing for 63 gold pieces
 58717 | Vaults:5 | Bought a potion of berserk rage for 105 gold pieces
 58717 | Vaults:5 | Bought a potion of berserk rage for 105 gold pieces
 58801 | Vaults:5 | Found Ceaxoliu's General Store.
 58805 | Vaults:5 | Bought a potion of haste for 160 gold pieces
 58805 | Vaults:5 | Bought a potion of curing for 48 gold pieces
 58805 | Vaults:5 | Bought a potion of curing for 48 gold pieces
 58805 | Vaults:5 | Bought a scroll of teleportation for 48 gold pieces
 58909 | Vaults:5 | Found Didu's General Store.
 58917 | Vaults:5 | Found Buuvvuj's Jewellery Boutique.
 58925 | Vaults:5 | Bought the ring "Sukeiq" {rF+ rN+ Will+ Int+4 Dex+4} for
                  | 846 gold pieces
 59114 | Vaults:5 | Got a silver rune of Zot
 59301 | Vaults:5 | Found Qaorch's Magic Scroll Shoppe.
 59308 | Vaults:5 | Bought a scroll of enchant armour for 90 gold pieces
 59308 | Vaults:5 | Bought a scroll of teleportation for 36 gold pieces
 59308 | Vaults:5 | Bought a scroll of blinking for 90 gold pieces
 59309 | Vaults:5 | Bought a scroll of acquirement for 624 gold pieces
 59311 | Vaults:5 | Acquired 805 gold pieces
 59326 | Vaults:5 | Found Geef's Magic Scroll Emporium.
 59331 | Vaults:5 | Bought a scroll of fear for 63 gold pieces
 59335 | Vaults:5 | Found Uttat's Distillery.
 59719 | Zot:1    | Entered Level 1 of the Realm of Zot
 59754 | Zot:1    | Noticed an orb of fire
 59779 | Zot:1    | Gained mutation: Your magical capacity is low. (-10% MP)
                  | [an orb of fire]
 59782 | Zot:1    | Killed an orb of fire
 59783 | Zot:1    | Reached skill level 15 in Evocations
 60243 | Vaults:2 | You paid a toll of +2 shadow dragon scales to enter a
                  | treasure trove
 60244 | Trove    | Entered a treasure trove
 60293 | Vaults:2 | Acquired the ring "Farry" {Wiz rF+ rC+}
 61272 | Zot:2    | Noticed a curse toe
 61283 | Zot:2    | Killed a curse toe
 61376 | Zot:2    | Received a gift from Okawaru
 61416 | Zot:2    | Reached XP level 25. HP: 161/173 MP: 28/28
 61534 | Zot:2    | You are sucked into a shaft and drop 1 floor!
 61536 | Zot:3    | Noticed an orb of fire
 61536 | Zot:3    | Gained mutation: You have hidden genetic defects. [an orb
                  | of fire]
 61559 | Zot:3    | Lost mutation: Your magical capacity is low. (-10% MP)
                  | [potion of mutation]
 61559 | Zot:3    | Lost mutation: You have hidden genetic defects. [potion of
                  | mutation]
 61559 | Zot:3    | Gained mutation: You have very sharp teeth. [potion of
                  | mutation]
 61559 | Zot:3    | Gained mutation: You expend magic power (3 MP) to
                  | strengthen your wands. [potion of mutation]
 61559 | Zot:3    | Gained mutation: You are agile. (Dex +2) [potion of
                  | mutation]
 61559 | Zot:3    | Gained mutation: You passively dampen the noise of your
                  | surroundings. [potion of mutation]
 61901 | Zot:2    | Received a gift from Okawaru
 62478 | Depths:4 | Voluntarily entered the Abyss.
 62555 | Abyss:2  | Found a corrupted altar of Lugonu.
 62741 | Abyss:2  | Found a basalt altar of Yredelemnul.
 62891 | Abyss:3  | Found a corrupted altar of Lugonu.
 62952 | Abyss:3  | Reached XP level 26. HP: 172/180 MP: 32/32
 62952 | Abyss:3  | Reached XP level 27. HP: 178/186 MP: 32/32
 62952 | Abyss:3  | Got an abyssal rune of Zot
 62962 | Depths:4 | Escaped the Abyss
 63281 | Slime:1  | Entered Level 1 of the Pits of Slime
 63291 | Slime:1  | Identified the +0 hat of Summertime {rPois Str+4 Stlth+}
                  | (Okawaru gifted it to you on level 1 of the Pits of Slime)
 63291 | Slime:1  | Received a gift from Okawaru
 63406 | Slime:1  | You are sucked into a shaft and drop 1 floor!
 63608 | Slime:3  | Reached skill level 10 in Stealth
 63846 | Slime:5  | Entered Level 5 of the Pits of Slime
 64145 | Slime:5  | Gained mutation: You are frail. (-10% HP) [a shining eye]
 64191 | Slime:5  | Noticed the Royal Jelly
 64208 | Slime:5  | Killed the Royal Jelly
 64360 | Slime:5  | Lost mutation: You are agile. (Dex +2) [a shining eye]
 64362 | Slime:5  | Gained mutation: Potions are less effective at restoring
                  | your health. [a shining eye]
 64370 | Slime:5  | Got a slimy rune of Zot
 64387 | Slime:5  | Gained mutation: Your spells are a little easier to cast,
                  | but a little less powerful. [a shining eye]
 64396 | Slime:5  | Got the Guide on Ignition
 64414 | Slime:5  | Identified the +7 chain mail of Going Fast {+Blink rC+
                  | Str+3 Stlth+}
 64415 | Slime:5  | Identified the +4 rapier "Necvurchodgh" {vamp, rC- Int+6}
 64422 | Slime:5  | Identified the ring "Tafai" {rElec AC+4 Dex+4}
 64458 | Slime:5  | Got Maumuch's Guide on Venomous Clay
 65981 | Zot:3    | Received a gift from Okawaru
 66003 | Zot:3    | Gained mutation: You are clumsy. (Dex -2) [an orb of fire]
 66011 | Zot:3    | Gained mutation: You sometimes lose the ability to read
                  | scrolls when taking damage. [an orb of fire]
 66019 | Zot:3    | Killed an orb of fire
 66811 | Zot:4    | Found a transporter.
 67270 | Zot:4    | Found a transporter.
 67409 | Zot:4    | Received a gift from Okawaru
 67649 | Zot:4    | Noticed an ancient lich
 67661 | Zot:4    | Killed an ancient lich
 67662 | Zot:4    | Reached skill level 1 in Throwing
 67770 | Zot:4    | Identified the amulet "Hero's Friend" {Spirit Rampage rC+
                  | Regen+}
 67791 | Zot:4    | Acquired the ring of Tuyg {*Slow rElec rPois rN+ Will++}
 67797 | Zot:4    | Identified the ring of Pride {rC+ SInv}
 67861 | Zot:5    | Entered Level 5 of the Realm of Zot
 68045 | Zot:5    | Received a gift from Okawaru
 68440 | Zot:5    | Noticed an ancient lich
 68473 | Zot:5    | Noticed a dread lich
 68477 | Zot:5    | Killed a dread lich
 68552 | Zot:5    | Noticed an orb of fire
 68552 | Zot:5    | Noticed an orb of fire
 68552 | Zot:5    | Noticed an orb of fire
 68552 | Zot:5    | Noticed an orb of fire
 68552 | Zot:5    | Noticed an orb of fire
 68552 | Zot:5    | Gained mutation: You are weak. (Str -2) [an orb of fire]
 68564 | Zot:5    | Gained mutation: Potions cannot restore your health. [an
                  | orb of fire]
 68568 | Zot:5    | Killed an orb of fire
 68572 | Zot:5    | Killed an orb of fire
 68581 | Zot:5    | Killed an orb of fire
 68585 | Zot:5    | Gained mutation: You do not regenerate when monsters are
                  | visible. [an orb of fire]
 68586 | Zot:5    | Killed an orb of fire
 68589 | Zot:5    | Killed an orb of fire
 68673 | Zot:5    | Killed an ancient lich
 68730 | Zot:5    | Noticed an orb of fire
 68731 | Zot:5    | Gained mutation: You are occasionally teleported next to
                  | monsters. [an orb of fire]
 68732 | Zot:5    | Gained mutation: You are very clumsy. (Dex -4) [an orb of
                  | fire]
 68742 | Zot:5    | Killed an orb of fire
 68743 | Zot:5    | Reached skill level 5 in Throwing
 68792 | Zot:5    | Received a gift from Okawaru
 68812 | Zot:5    | Noticed an orb of fire
 68820 | Zot:5    | Noticed an orb of fire
 68822 | Zot:5    | Noticed an orb of fire
 68825 | Zot:5    | Noticed an orb of fire
 68839 | Zot:5    | Killed an orb of fire
 68843 | Zot:5    | Noticed an ancient lich
 68844 | Zot:5    | Killed an orb of fire
 68848 | Zot:5    | Gained mutation: Your body sometimes deteriorates upon
                  | taking damage. [an orb of fire]
 68851 | Zot:5    | Killed an orb of fire
 68862 | Zot:5    | Killed an orb of fire
 68865 | Zot:5    | Killed an ancient lich
 69283 | Zot:5    | Lost mutation: You are very clumsy. (Dex -4) [potion of
                  | mutation]
 69283 | Zot:5    | Lost mutation: You are occasionally teleported next to
                  | monsters. [potion of mutation]
 69283 | Zot:5    | Lost mutation: Your body sometimes deteriorates upon taking
                  | damage. [potion of mutation]
 69283 | Zot:5    | Lost mutation: You are clumsy. (Dex -2) [potion of
                  | mutation]
 69283 | Zot:5    | Gained mutation: Your flesh is heat resistant. (rF+)
                  | [potion of mutation]
 69284 | Zot:5    | Lost mutation: You are weak. (Str -2) [potion of mutation]
 69284 | Zot:5    | Lost mutation: You sometimes lose the ability to read
                  | scrolls when taking damage. [potion of mutation]
 69284 | Zot:5    | Lost mutation: You are frail. (-10% HP) [potion of
                  | mutation]
 69284 | Zot:5    | Gained mutation: Your body sometimes deteriorates upon
                  | taking damage. [potion of mutation]
 69284 | Zot:5    | Lost mutation: You have very sharp teeth. [potion of
                  | mutation]
 69285 | Zot:5    | Lost mutation: Potions cannot restore your health. [potion
                  | of mutation]
 69285 | Zot:5    | Lost mutation: You passively dampen the noise of your
                  | surroundings. [potion of mutation]
 69285 | Zot:5    | Lost mutation: Your flesh is heat resistant. (rF+) [potion
                  | of mutation]
 69285 | Zot:5    | Gained mutation: Your magical capacity is low. (-10% MP)
                  | [potion of mutation]
 69285 | Zot:5    | Gained mutation: Your flesh is heat resistant. (rF+)
                  | [potion of mutation]
 69286 | Zot:5    | Lost mutation: You do not regenerate when monsters are
                  | visible. [potion of mutation]
 69286 | Zot:5    | Lost mutation: You expend magic power (3 MP) to strengthen
                  | your wands. [potion of mutation]
 69286 | Zot:5    | Lost mutation: Your body sometimes deteriorates upon taking
                  | damage. [potion of mutation]
 69286 | Zot:5    | Gained mutation: You are frail. (-10% HP) [potion of
                  | mutation]
 69286 | Zot:5    | Gained mutation: You are partially covered in iridescent
                  | scales. (AC +2) [potion of mutation]
 69287 | Zot:5    | Lost mutation: You are frail. (-10% HP) [potion of
                  | mutation]
 69287 | Zot:5    | Lost mutation: Potions are less effective at restoring your
                  | health. [potion of mutation]
 69287 | Zot:5    | Lost mutation: Your flesh is heat resistant. (rF+) [potion
                  | of mutation]
 69287 | Zot:5    | Lost mutation: Your magical capacity is low. (-10% MP)
                  | [potion of mutation]
 69287 | Zot:5    | Gained mutation: You are dopey. (Int -2) [potion of
                  | mutation]
 69287 | Zot:5    | Gained mutation: You have a pair of small horns on your
                  | head. [potion of mutation]
 69287 | Zot:5    | Gained mutation: You have a beak for a mouth. [potion of
                  | mutation]
 69375 | Zot:5    | Got the Orb of Zot
 69453 | Zot:4    | Received a gift from Okawaru
 69569 | Zot:2    | Noticed Erastrof the pandemonium lord
 69605 | Zot:1    | Paralysed by you for 3 turns
 69607 | Zot:1    | HP: 6/197 [Erastrof the pandemonium lord (42)]
 69608 | Zot:1    | Annihilated by Erastrof the pandemonium lord

Illustrated notes

Levels and vault maps discovered:
D:1:      minmay_arrival_nine_rooms, layout_loops_ring,
          nicolae_ecumenical_snake_handling
D:2:      layout_loops_ring, minmay_distorted
D:3:      layout_loops_cross, serial_shops, nicolae_shop_crystal,
          wander_ebering_terrifying_dragon_lair
D:4:      layout_basic, temple_statues, minmay_manual_moon, uniq_pikel,
          uniq_menkaure, uniq_natasha
D:5:      layout_basic
D:6:      cheibrodos_two_vegetables, layout_basic
D:7:      layout_loops_ring, enter_bailey_2, item_on_display_a
D:8:      layout_gridville, minmay_crystal_room
D:9:      layout_rooms, chequers_serial_rivers_micro_e, minmay_misc_feat_roman
D:10:     layout_long_grid, slow_altar_2
D:11:     layout_basic, minmay_lair_entry_grove, david_orc_3, kennysheep_dice
D:12:     layout_irregular_city, jiyva_altar_1
D:13:     layout_big_octagon, gauntlet_entry_generic, kennysheep_path_1
D:14:     layout_rooms, david_vaults_2, gammafunk_ghost_grave,
          nzn_hepliaklqana_mist_gate, minmay_misc_feat_x
D:15:     grunt_enter_depths_snipers, layout_rooms,
          portal_ice_cave_entry_frozen_things, serial_shops,
          nicolae_lakefront_shop, nicolae_shop_hallway_stairs, shop, shop
Temple:   mainiacjoe_temple_circle_huts
Lair:1:   layout_cave_pods, lemuel_fruit_tree, uniq_gastronok, uniq_grum,
          uniq_erica
Lair:2:   beast_lair_carwin_large_1, layout_regular_city,
          minmay_shoals_entry_centaurs, lemuel_fruit_fields
Lair:3:   layout_roguey, spider_nest_entry_web_field, gammafunk_ghost_hive,
          disabler_island
Lair:4:   layout_gridlike, kennysheep_abandoned_house, serial_bayou_shore_b,
          serial_bayou_shore_b
Lair:5:   layout_big_grid, chequers_serial_rivers_micro_e
Lair:6:   hangedman_lair_tendril_chambers, layout_hall_layers,
          guppyfry_lair_end_dragon, slime_dummy, nicolae_lair_lindhole,
          uniq_sonja
Shoals:1: layout_shoals
Shoals:2: layout_shoals, serial_shops, nicolae_shop_hallway_plus,
          st_sunken_huts, uniq_aizul, uniq_ilsuiw
Shoals:3: layout_shoals, gammafunk_ghost_grave, serial_shops, shop, shop,
          nicolae_shop_trees, shop
Shoals:4: shoals_end_grunt_ice, layout_shoals
Spider:1: layout_cave_pods, uniq_nikola, uniq_josephine
Spider:2: layout_spider_delve, hangedman_spider_tarantella_strand
Spider:3: layout_spider_delve, gammafunk_ghost_tricky_traps, uniq_arachne
Spider:4: spider_rune_water, nicolae_looking_at_the_future, uniq_roxanne
Slime:1:  layout_caves, nicolae_slime_phagocytosis
Slime:2:  layout_caves
Slime:3:  layout_caves, nicolae_slime_ancient_tower_intersection,
          nicolae_slime_barrier
Slime:4:  layout_caves
Slime:5
Orc:1:    layout_caves, enter_volcano_3, uniq_snorg
Orc:2:    st_orc_rangers, layout_diamond_mine, ebering_ghost_reflecting_pool,
          minmay_orc_temple_b, uniq_jorgrun
Elf:1:    layout_geoelf_octagon, serial_shops, shop, minmay_elf_demonology
Elf:2:    elven_hall_of_blades_hangedman_original [grunt_blade_entry_basic],
          layout_gridlike, serial_shops, shop_fountains, basic_altar,
          nicolae_wooded_promenade
Elf:3:    grunt_elf_hall_branching, layout_geoelf_grid
Vaults:1: nicolae_vaults_quadrants, nicolae_vaults_triangles, vaults_room_grid,
          vaults_standard_mumra_enter_the_diamond, v_rooms_6, v_alt_pattern_1,
          v_alt_pattern_6, nicolae_vaults_angled_halls, v_misc_13,
          layout_vaults_maze, serial_shops, shop_scrolls
Vaults:2: hangedman_vaults_pinch, nicolae_vaults_shelves_hall, v_misc_29,
          v_misc_8, nicolae_vaults_mini_display_case, layout_vaults_omnigrid,
          enter_trove_5
Vaults:3: ontoclasm_vaults_bender, grunt_vaults_trifunnel, v_misc_23,
          hangedman_vaults_river_flow, nicolae_vaults_circle_grid_b, v_misc_23,
          vaults_dpeg_encased_lava, nicolae_vaults_what_the_h, v_misc_14,
          vaults_room_stairs_pillars, ontoclasm_vaults_pinch,
          nicolae_vaults_shelves_hall, nicolae_vaults_angled_halls,
          hangedman_vaults_capsules, layout_vaults_omnicross
Vaults:4: vaults_standard_mumra_enter_the_diamond, vaults_room_guarded_vault,
          vaults_standard_mumra_x, nicolae_vaults_twisting_passages,
          serial_ice_h, nicolae_vaults_big_ls, nicolae_vaults_ring_of_whatevers,
          vaults_room_fancy_cross, ontoclasm_vaults_gateway, v_pattern_5,
          vaults_room_stairs_pillars, v_misc_11, layout_vaults_big_room,
          serial_glass, serial_shops, nicolae_shop_overgrown_old_shop,
          nicolae_shop_advertising_works [nicolae_subvault_shop_adworks],
          uniq_bai_suzhen, uniq_frederick
Vaults:5: serial_shops
Depths:1: nicolae_terramorphic_expanse [nicolae_terramorphic_quarter,
          nicolae_terramorphic_quarter, nicolae_terramorphic_quarter,
          nicolae_terramorphic_quarter, nicolae_terramorphic_quarter,
          nicolae_terramorphic_biome, nicolae_terramorphic_biome,
          nicolae_terramorphic_biome, nicolae_terramorphic_biome],
          layout_cave_pools, serial_shops, shop_statue, grunt_hell_horde,
          fountainhead, abyss_entry, chequers_serial_rivers_marsh,
          minmay_protected_statue, firewood_loft
Depths:2: hellmonk_ruined_rings, layout_basic, abyss_entry,
          hangedman_decor_diamond_cutter, grunt_hell_entry_dis_old, pan_entry,
          nicolae_elevator_lobby_asterisk, minmay_staircase_bubble
Depths:3: hourglass_vault, layout_long_grid, enter_ziggurat_f,
          nicolae_figureground_pulse, abyss_entry, hell_entry, st_stairs_1,
          roderic_roman_lattice, minmay_shop_grove, infiniplex_staircase_x
Depths:4: grunt_x_marks_the_spot, layout_cave_pools, okawaru_gym_becter,
          hell_entry, abyss_entry_small_statue_room, corner_web_ring,
          minmay_tree_intersection, serial_bayou_shore_a
Zot:1:    kennysheep_blocky_room, layout_gridlike
Zot:2:    layout_gridlike
Zot:3:    layout_cathedral_of_symmetry, skrybe_zot_glass_3
Zot:4:    gammafunk_its_a_trap, layout_onion_interference, st_stairs_5
Zot:5:    layout_basic, hangedman_zot_decor_tridents

Skill      XL: |  1  2  3  4  5  6  7  8  9 10 11 12 13 14 15 16 17 18 19 20 21 22 23 24 25 26 27 |
---------------+----------------------------------------------------------------------------------+-----
Evocations     | 3 4 5 8 9 10 11 12 13 15 | 15.0
Fighting       | 2 3 4 5 9 10 13 16 18 19 20 21 22 26 | 26.9
Axes           | 2 7 8 11 13 15 17 19 21 22 23 24 26 | 26.0
Armour         | 5 6 8 11 12 13 15 16 19 | 19.0
Dodging        | 2 4 5 7 9 |  9.0
Invocations    | 3 6 9 11 12 | 12.0
Slings         | 3 7 12 13 14 | 14.0
Stealth        | 9 10 | 10.0
Throwing       | 6 |  6.8

Action                   |  1- 3 |  4- 6 |  7- 9 | 10-12 | 13-15 | 16-18 | 19-21 | 22-24 | 25-27 || total
-------------------------+-------+-------+-------+-------+-------+-------+-------+-------+-------++-------
Melee: Club              |   206 |    81 |       |       |       |       |       |       |       ||   287
       Punch             |     3 |     2 |     6 |     7 |       |       |       |       |       ||    18
       Halberd           |       |    58 |       |       |       |       |       |       |       ||    58
       Hand axe          |       |    40 |    42 |     5 |       |       |       |       |       ||    87
       Short sword       |       |       |    62 |       |       |       |       |       |       ||    62
       Whip              |       |       |   248 |   487 |       |       |       |       |       ||   735
       War axe           |       |       |    41 |    28 |       |       |       |       |       ||    69
       Executioner's axe |       |       |       |   199 |   892 |  1173 |  1389 |  1437 |   988 ||  6078
       Bite              |       |       |       |       |       |       |       |       |   192 ||   192
       Peck              |       |       |       |       |       |       |       |       |    12 ||    12
       Headbutt          |       |       |       |       |       |       |       |       |    11 ||    11
       Unarmed           |       |       |       |       |       |       |       |       |     5 ||     5
 Fire: Hand crossbow     |     9 |    21 |    46 |     8 |       |       |       |       |       ||    84
       Fustibalus        |       |       |       |    77 |    94 |    19 |    40 |       |    11 ||   241
Throw: Throwing net      |       |       |     1 |     1 |     2 |       |       |       |       ||     4
       Javelin           |       |       |       |       |       |       |       |       |     5 ||     5
Invok: Heroism           |       |       |     1 |     5 |     5 |     2 |     1 |       |     2 ||    16
       Finesse           |       |       |       |       |       |     1 |     3 |     3 |     6 ||    13
Evoke: Wand              |     2 |     5 |     5 |       |     1 |       |     1 |       |       ||    14
       Piece from Xom's  |       |       |     2 |       |       |       |       |       |       ||     2
       Phial of floods   |       |       |       |       |       |     2 |       |       |     1 ||     3
       Condenser vane    |       |       |       |       |       |       |     1 |       |       ||     1
  Use: Scroll            |       |     1 |     2 |    15 |    12 |     3 |    12 |     8 |     8 ||    61
       Potion            |       |       |       |     4 |     2 |     1 |       |     6 |    15 ||    28
 Stab: Petrified         |       |       |    10 |       |       |       |       |       |       ||    10
       Held in net/web   |       |       |       |     2 |       |       |       |       |       ||     2
       Distracted        |       |       |       |       |       |     1 |       |       |       ||     1
       Invisible         |       |       |       |       |       |       |       |       |     1 ||     1
Armor: Leather armour    |    96 |       |       |       |       |       |       |       |       ||    96
       Scale mail        |    12 |   105 |    44 |   280 |   556 |       |       |       |       ||   997
       Plate armour      |       |       |   175 |   163 |   207 |  1351 |   246 |       |       ||  2142
       Chain mail        |       |       |       |       |       |    15 |   505 |       |       ||   520
       Troll leather arm |       |       |       |       |       |     2 |       |       |       ||     2
       Gold dragon scale |       |       |       |       |       |       |   229 |  1259 |   852 ||  2340
Dodge: Dodged            |   180 |    97 |   130 |   237 |   404 |   584 |   474 |   402 |   370 ||  2878
       Repelled          |       |       |       |       |       |       |    15 |     7 |    22 ||    44

Table legend: (Time is in decaauts)
 A = Elapsed time spent in this place.
 B = Non-inter-level travel time spent in this place.
 C = Inter-level travel time spent in this place.
 D = Time resting spent in this place.
 E = Time spent auto-exploring this place.
 F = Levels seen in this place.
 G = Mean time per level.
                   A        B        C        D        E       F      G
               +--------+--------+--------+--------+--------+-----+--------+
         Total |  68136 |  62115 |   6021 |   9663 |  38099 |  62 | 1099.0 |
       Dungeon |  22106 |  19386 |   2720 |   4372 |  11271 |  15 | 1473.7 |
        Temple |    112 |     83 |     29 |      0 |     69 |   1 |  112.0 |
          Lair |   7294 |   6637 |    657 |    622 |   4438 |   6 | 1215.7 |
        Shoals |   4888 |   4717 |    171 |    720 |   2978 |   4 | 1222.0 |
   Spider Nest |   4892 |   4671 |    221 |   1016 |   2672 |   4 | 1223.0 |
    Slime Pits |   1480 |   1379 |    101 |    361 |    402 |   5 |  296.0 |
  Orcish Mines |   1519 |   1368 |    151 |     46 |    885 |   2 |  759.5 |
   Elven Halls |   3256 |   3009 |    247 |    341 |   1883 |   3 | 1085.3 |
        Vaults |   7399 |   6963 |    436 |    210 |   5116 |   5 | 1479.8 |
        Depths |   5777 |   5081 |    696 |    812 |   3284 |   4 | 1444.2 |
           Zot |   6536 |   5949 |    587 |    220 |   4381 |   5 | 1307.2 |
         Abyss |    446 |    446 |      0 |     14 |    127 |   3 |  148.7 |
         Trove |     45 |     45 |      0 |      0 |      7 |   1 |   45.0 |
        Bailey |    818 |    818 |      0 |    549 |    108 |   1 |  818.0 |
      Ice Cave |    664 |    664 |      0 |    378 |     56 |   1 |  664.0 |
       Volcano |    191 |    191 |      0 |      0 |     54 |   1 |  191.0 |
      Gauntlet |    706 |    706 |      0 |      0 |    366 |   1 |  706.0 |
               +--------+--------+--------+--------+--------+-----+--------+

Top non-repeatable levels by time:
    D:11: 2237 daAuts
Depths:1: 2101 daAuts
     D:6: 2053 daAuts
    D:12: 1926 daAuts
  Lair:6: 1732 daAuts
Spider:4: 1731 daAuts
     D:1: 1723 daAuts
     D:7: 1703 daAuts
    D:14: 1642 daAuts
Vaults:5: 1626 daAuts
     D:3: 1618 daAuts
     D:2: 1605 daAuts
Vaults:3: 1603 daAuts
   Elf:3: 1602 daAuts
   Zot:3: 1584 daAuts
